 Dungeon Crawl Stone Soup version bcrawl-1.35.4c (webtiles) character file.

Game seed: 8737192054470692087

97371 SneedManIsMyWife the Shield-Bearer (level 2, 0/19 HPs)
             Began as a Skeleton Fighter on Feb 8, 2022.
             Slain by Sigmund
             ... wielding a +0 scythe of slicing
              (1 damage)
             ... on level 2 of the Dungeon.
             The game lasted 00:00:31 (757 turns).

SneedManIsMyWife the Shield-Bearer (SkFi)            Turns: 757, Time: 00:00:32

Health: 0/19       AC:  6    Str: 22      XL:     2   Next: 48%
Magic:  0/2        EV:  6    Int:  4 (6)  God:
Gold:   81         SH:  9    Dex:  8      Spells: 1/1 levels left

rFire    . . .     SeeInvis .   a - +0 war axe
rCold    + . .     Gourm    .   c - +0 medium shield
rNeg     + + +     Faith    .   b - +0 scale mail
rPois    ∞         Spirit   +   (no helmet)
rElec    .         Reflect  .   (no cloak)
rCorr    .                      (no gloves)
MR       .....                  (no boots)
Stlth    ..........             (no amulet)
HPRegen  0.06/turn              (no ring)
MPRegen  0.08/turn              (no ring)

@: no status effects
A: no food or potions, cold resistance 1, deterioration 1, negative energy
resistance 3, torment resistance, unbreathing, magic shield, sturdy frame 1,
spell healing
a: no special abilities


You were on level 2 of the Dungeon.
You were not hungry.

You visited 1 branch of the dungeon, and saw 2 of its levels.

You collected 81 gold pieces.

Inventory:

Hand Weapons
 a - a +0 war axe (weapon)
Armour
 b - a +0 scale mail (worn)
 c - a +0 medium shield (worn)
Scrolls
 d - 3 scrolls of noise {unknown}
 e - a scroll of magic mapping {unknown}
 f - a scroll of fog {unknown}
 g - a scroll of teleportation {unknown}


   Skills:
 + Level 3.3 Fighting
 * Level 3.4 Axes
 - Level 3.2 Armour
 - Level 3.6 Shields


You had one spell level left.
You didn't know any spells.
Your spell library was empty.

Dungeon Overview and Level Annotations

Branches:
Dungeon (2/12)

Altars:

Annotations:
D:2 Sigmund


Innate Abilities, Weirdness & Mutations

You do not eat or drink.
You are immune to poison.
Your flesh is cold resistant. (rC+)
Your body sometimes deteriorates upon taking damage.
You are immune to negative energy. (rN+++)
You are immune to unholy pain and torment.
You can survive without breathing.
When hurt, damage is shared between your health and your magic reserves.
Your movements are slightly less encumbered by armour. (ER -2)
Casting spells heals you.


Message History

The rat bites you but does no damage. You block the rat's attack.
You hit the rat but do no damage.
The rat is heavily wounded.
You block the rat's attack. The rat barely misses you.
You hit the rat but do no damage.
The rat is heavily wounded.
The rat barely misses you.
Your shield prevents you from hitting the rat.
The rat is heavily wounded.
The rat bites you but does no damage.
Your shield prevents you from hitting the rat.
The rat is heavily wounded.
The rat closely misses you. You block the rat's attack.
You hit the rat.
You kill the rat!
No target in view!
No target in view!
No target in view!
You see here a rat corpse.
A giant cockroach comes into view.
A giant cockroach is nearby!
You closely miss the giant cockroach.
The giant cockroach waves its antennae.
The giant cockroach bites you but does no damage. x2
You slash the giant cockroach!
You kill the giant cockroach!
No target in view!
No target in view!
No target in view!
No target in view!
No target in view!
No target in view!
No target in view!
No target in view!
No target in view!
No target in view!
Found an escape hatch in the floor.
There is an escape hatch in the floor here.
You see here a rat corpse.
Key pressed, stopping explore.
No target in view!
No target in view!
No target in view!
No target in view!
No target in view!
No target in view!
There is an open door here.
There is an open door here.
There is a stone staircase leading down here.
You climb downwards.
A quokka and Sigmund come into view.
Sigmund is wielding a +0 scythe of slicing.
You have encountered a dangerous foe!
Sigmund shouts!
Found a fizzy ruby potion.
Found a stone staircase leading down and a stone staircase leading up.
There is a stone staircase leading up here.
Sigmund mumbles some strange words.
Sigmund flickers and vanishes!
Deactivating autopickup; reactivate with Ctrl-A.
You hit the quokka.
You kill the quokka!
You block something's attack.
No target in view!
No target in view!
No target in view!
There is a stone staircase leading up here.
Something hits you.
You climb upwards.
Reactivating autopickup.
There is a stone staircase leading down here.
You start resting.
HP restored.
You start waiting.
Done waiting.
You climb downwards.
Level annotation: Sigmund
There is a stone staircase leading up here.
You see here a quokka corpse.
Sigmund hits you from afar with a +0 scythe of slicing.
Ssssck.
You closely miss Sigmund.
Sigmund hits you with a +0 scythe of slicing.
You closely miss Sigmund. Sigmund gestures at you while chanting.
You resist with some effort.
Sigmund points at you and mumbles some strange words.
You resist with some effort.
You slash Sigmund!
Sigmund is moderately wounded.
You block Sigmund's attack.
You slash Sigmund!
Sigmund is heavily wounded.
Sigmund says, "Don't worry, I'll kill you fast."
Sigmund mumbles some strange words.
Sigmund flickers and vanishes!
Deactivating autopickup; reactivate with Ctrl-A.
You closely miss something. Something hits you!
* * * LOW HITPOINT WARNING * * *
You die...

. ..... #. ..
............. #..
#.###........#...
....#.#....#........
##..#.##........?..
...........#..##.#..
#..................
...............#.#...
###....<.†...@{......
#..###.........?...
#........##..#.#...
.................. #
##...###>..#......(..
#. ##<....##.#.## #
+.!......# #
#....##### .###.#


There were no monsters in sight!

Vanquished Creatures
  A leopard gecko (D:1)
  A bat (D:1)
  2 giant cockroaches (D:1)
  2 goblins (D:1)
  3 hobgoblins (D:1)
  2 quokkas
  A ball python (D:1)
  2 rats (D:1)
14 creatures vanquished.

Notes
Turn   | Place    | Note
-------+----------+-------------------------------------------
     0 | D:1      | SneedManIsMyWife the Skeleton Fighter began the quest for
                  | the Orb.
     0 | D:1      | Reached XP level 1. HP: 14/14 MP: 1/1
   265 | D:1      | Reached skill level 3 in Axes
   301 | D:1      | Reached XP level 2. HP: 19/19 MP: 2/2
   588 | D:2      | Noticed Sigmund
   757 | D:2      | HP: 1/19 [something (8)]
   757 | D:2      | Slain by Sigmund

Skill      XL: |  1 |
---------------+----+-----
Axes           | 3 |  3.4
Fighting       | |  3.3
Armour         | |  3.2
Shields        | |  3.6

Action                   || total
-------------------------++-------
Melee: War axe           ||    58
Armor: Scale mail        ||    21
Dodge: Dodged            ||     9
Block: Medium shield     ||    30

Levels and vault maps discovered:
D:1:      psy_arrival_conway, layout_basic, hangedman_decor_diamond_cutter
D:2:      lemuel_upstairs_altar, layout_basic, uniq_sigmund, uniq_jessica

Table legend:
 A = Turns spent in this place as a percentage of turns spent in the entire game.
 B = Non-inter-level travel turns spent in this place as a percentage of non-inter-level travel turns spent in the entire game.
 C = Inter-level travel turns spent in this place as a percentage of turns spent in this place.
 D = Turns resting spent in this place as a percentage of non-inter-level travel turns spent in this place.
 E = Turns spent auto-exploring this place as a percentage of non-inter-level travel turns spent in this place.
 F = Non-inter-level travel turns spent in this place divided by the number of levels of this place that you've seen.
                   A       B       C       D       E      F
               +-------+-------+-------+-------+-------+----------------------
         Total | 100.0 | 100.0 |   5.4 |  20.7 |  64.0 | 358.0
       Dungeon | 100.0 | 100.0 |   5.4 |  20.7 |  64.0 | 358.0
               +-------+-------+-------+-------+-------+----------------------

Table legend:
 A = Kills in this place as a percentage of kills in entire the game.
 B = Kills by you in this place as a percentage of kills by you in the entire game.
 C = Kills by friends in this place as a percentage of kills by friends in the entire game.
 D = Other kills in this place as a percentage of other kills in the entire game.
 E = Experience gained in this place as a percentage of experience gained in the entire game.
 F = Experience gained in this place divided by the number of levels of this place that you have seen.
                   A       B       C       D       E      F
               +-------+-------+-------+-------+-------+----------------------
         Total | 100.0 | 100.0 |   N/A |   N/A | 100.0 |  13.0
       Dungeon | 100.0 | 100.0 |   N/A |   N/A | 100.0 |  13.0
               +-------+-------+-------+-------+-------+----------------------
